 Dungeon Crawl Stone Soup version 0.29.1-15-g9cfb28693d (webtiles) character file.

Game seed: 12196296434593176985

723 Heoruswealwe the Thaumaturge (level 7, -2/36 HPs)
             Began as a Deep Elf Earth Elementalist on Apr 12, 2023.
             Was a Follower of Vehumet.
             Shot with an arrow by a centaur (5 damage)
             ... on level 5 of the Dungeon.
             The game lasted 00:46:31 (4445 turns).

Heoruswealwe the Thaumaturge (DEEE)                 Turns: 4445, Time: 00:46:32

Health: -2/36      AC:  3    Str:  5    XL:     7   Next: 43%
Magic:  29/29      EV: 12    Int: 22    God:    Vehumet [*.....]
Gold:   167        SH:  0    Dex: 12    Spells: 8/22 levels left

rFire   . . .      SeeInvis .   z - +7 falchion of Terra Nullius {venom, rC+ rN+ Dex-3}
rCold   + . .      Faith    .   (no shield)
rNeg    + . .      Spirit   .   a - +0 robe
rPois   .          Reflect  .   (no helmet)
rElec   .          Harm     .   (no cloak)
rCorr   .          Rampage  .   g - +0 pair of gloves
Will    .....                   (no boots)
Stlth   ++........              (no amulet)
HPRegen 0.12/turn               t - ring of magical power
MPRegen 0.21/turn               m - ring of wizardry

@: hasted, studying Ice Magic, very quick
A: no striking features
a: Renounce Religion


You were on level 5 of the Dungeon.
You worshipped Vehumet.
Vehumet was aware of your devotion.
You visited 2 branches of the dungeon, and saw 6 of its levels.

You collected 227 gold pieces.
You spent 60 gold pieces at shops.

Inventory:

Hand Weapons
 z - the +7 falchion of Terra Nullius (weapon) {venom, rC+ rN+ Dex-3}
   (You found it on level 4 of the Dungeon)

   It poisons the flesh of those it strikes.
   Dex:       It affects your dexterity (-3).
   rC:        It protects you from cold.
   rN:        It protects you from negative energy.
Armour
 a - a +0 robe (worn)
 f - a +0 robe
 g - a +0 pair of gloves (worn)
 q - a +0 robe
 x - a +0 robe
 A - a +0 robe
Magical Staves
 o - a staff of death
Jewellery
 k - a ring of protection from cold
 m - a ring of wizardry (right hand)
 t - a ring of magical power (left hand)
 B - a ring of positive energy
Wands
 C - a wand of paralysis (10)
 D - a wand of roots (6)
Scrolls
 h - a scroll of enchant armour {unknown}
 i - 2 scrolls of summoning {unknown}
 j - a scroll of butterflies {unknown}
 l - a scroll of noise {unknown}
 n - 3 scrolls of amnesia {unknown}
 r - a scroll of blinking
 s - 2 scrolls of magic mapping
 v - a scroll of enchant weapon
 y - a scroll of teleportation
Potions
 b - a potion of magic
 c - 2 potions of flight
 d - a potion of degeneration {unknown}
 e - a potion of curing {unknown}
 p - a potion of haste
 u - a potion of heal wounds {unknown}
 w - 2 potions of attraction {unknown}
 E - a potion of brilliance {unknown}


   Skills:
 - Level 2.4 Dodging
 - Level 2.4 Stealth
 + Level 8.2 Spellcasting
 - Level 1.1 Transmutations
 + Level 7.2 Earth Magic


You had 8 spell levels left.
You knew the following spells:

 Your Spells              Type           Power      Damage    Failure   Level
a - Sandblast             Erth           80%        2d17      1%          1
b - Stone Arrow           Conj/Erth      48%        3d10      1%          3
c - Petrify               Tmut/Erth      27%        N/A       5%          4
d - Leda's Liquefaction   Hex/Erth       12%        N/A       7%          4
z - Passwall              Tmut/Erth      22%        N/A       1%          2

Your spell library contained the following spells:

 Spells                   Type           Power      Damage    Failure   Level
 Shock                    Conj/Air       36%        1d5       3%          1
 Magic Dart               Conj           36%        1d4       3%          1
 Searing Ray              Conj           18%        2d5       4%          2
 Call Canine Familiar     Summ           9%         N/A       9%          3
 Portal Projectile        Hex/Tloc       18%        N/A       9%          3
 Summon Guardian Golem    Hex/Summ       9%         N/A       9%          3
 Fulminant Prism          Conj/Hex       4%         3d6       28%         4
 Orb of Destruction       Conj           4%         9d5       100%        7
 Spellforged Servitor     Conj/Summ      4%         N/A       100%        7


Dungeon Overview and Level Annotations

Branches:
Dungeon (5/15)             Temple (1/1) D:4

Altars:
Ashenzari
Dithmenos
Fedhas
Gozag
Kikubaaqudgha
Makhleb
Nemelex Xobeh
Ru
Sif Muna
Trog
Uskayaw
Vehumet
Xom
Zin

Shops:
D:4 *


Message History

The blast of sand hits the orc priest!
The orc priest is severely wounded.
The blast of sand hits the orc priest!
You kill the orc priest!
Vehumet accepts your kill.
Things that are here:
a +0 morningstar; a +0 leather armour; an orc corpse
D - a wand of roots (6)
There is an escape hatch in the ceiling here.
A mysterious force pulls you upwards. The hatch slams shut behind you.
There is a stone staircase leading down here.
You climb downwards.
There is a stone staircase leading up here.
Things that are here:
a +0 leather armour; a +0 morningstar; an orc corpse
Found a bubbling emerald potion.
E - a bubbling emerald potion
Found a stone staircase leading down.
You now have 167 gold pieces (gained 18).
Nemelex Xobeh makes you draw from the deck of Punishment.
You draw a card...
You have drawn Wrath.
Uskayaw booms out: "Revellers, it's time to dance!"
The divine experience drains your vigour!
You feel yourself slow down.
You hear a shout! x3
Found an escape hatch in the floor.
You feel yourself speed up.
Nemelex Xobeh makes you draw from the deck of Punishment.
You draw a card...
You have drawn Torment.
Your body is wracked with pain!
A centaur comes into view. It is wielding a +0 dagger.
The centaur shouts!
You hear a shout!
The centaur unwields a +0 dagger.
The centaur wields a +0 shortbow.
The centaur shoots an arrow.
The arrow hits you.
The centaur shoots an arrow.
The arrow hits you!
* * * LOW HITPOINT WARNING * * *
It was a potion of haste.
You feel yourself speed up.
The centaur shoots an arrow.
The arrow hits you.
* * * LOW HITPOINT WARNING * * *
The centaur shoots an arrow.
The arrow hits you.
You die...

......##........# ##
......##...##..## .# #
...#...#..##...## ..##.#
..###..#..##....# .....# .##
#...........####...... ..#
#......#..####........
..###....####..##......c..
#......#..###..##..........
#......##..##...@#..##.....
......###..##......## ...##
...#..####.##.......##....#..
...##..##...#............##.>
...#..###..##...............
....#.####.#..............## #
#...>..###.................## .#
###.##..##..................# ..#
#.####).###.#####.#.........#....


You could see a centaur.

Vanquished Creatures
  A phantom (D:4)
  2 scorpions (D:5)
  A necrophage (D:5)
  A hound (D:5)
  6 orc priests
  An iguana (D:4)
  7 gnolls
  5 adders
  A white imp (D:5)
  2 worms
  A dart slug (D:1)
  19 orcs
  7 endoplasms
  2 giant cockroaches (D:1)
  8 goblins
  4 hobgoblins
  5 jackals
  2 kobolds
  4 quokkas
  10 ball pythons
  9 bats
  A frilled lizard (D:2)
  6 rats
105 creatures vanquished.

Vanquished Creatures (others)
  18 plants (D:3)
18 creatures vanquished.

Grand Total: 123 creatures vanquished

Notes
Turn   | Place    | Note
-------+----------+-------------------------------------------
     0 | D:1      | Heoruswealwe the Deep Elf Earth Elementalist began the
                  | quest for the Orb.
     0 | D:1      | Reached XP level 1. HP: 10/10 MP: 6/6
   272 | D:1      | Reached XP level 2. HP: 15/15 MP: 3/8
   350 | D:1      | Learned a level 2 spell: Passwall
   597 | D:1      | Reached skill level 4 in Spellcasting
   914 | D:2      | Reached XP level 3. HP: 19/19 MP: 5/10
   976 | D:2      | Learned a level 3 spell: Stone Arrow
  1047 | D:2      | Reached XP level 4. HP: 24/24 MP: 10/12
  1052 | D:2      | Learned a level 4 spell: Petrify
  1412 | D:2      | Reached skill level 5 in Spellcasting
  1481 | D:2      | Identified the +1 ring mail "Guecoej" {Str+5}
  1842 | D:3      | Reached skill level 5 in Earth Magic
  1885 | D:3      | Found a faded altar of an unknown god.
  1903 | D:3      | Reached XP level 5. HP: 28/28 MP: 10/14
  1972 | D:3      | Prayed at the altar of an unknown god.
  1972 | D:3      | Became a worshipper of Nemelex Xobeh the Trickster
  1972 | D:3      | Reached * piety under Nemelex Xobeh
  1973 | D:3      | Fell from the grace of Nemelex Xobeh
  2153 | D:3      | Found an opulent altar of Gozag.
  2515 | D:4      | Found a staircase to the Ecumenical Temple.
  2526 | Temple   | Entered the Ecumenical Temple
  2640 | Temple   | Became a worshipper of Vehumet
  2818 | D:4      | Reached skill level 6 in Spellcasting
  2859 | D:4      | Found Buwy's Assorted Antiques.
  2902 | D:4      | Learned a level 4 spell: Leda's Liquefaction
  2909 | D:4      | Identified the +7 falchion of Terra Nullius {venom, rC+ rN+
                  | Dex-3}
  3191 | D:4      | Found a broken altar of Ashenzari.
  3191 | D:4      | Noticed a phantom
  3200 | D:4      | Killed a phantom
  3201 | D:4      | Reached XP level 6. HP: 24/32 MP: 17/17
  3304 | D:4      | Reached skill level 7 in Spellcasting
  3537 | D:4      | Bought a clear potion for 20 gold pieces
  3537 | D:4      | Bought a cyan potion for 20 gold pieces
  3537 | D:4      | Bought a fuming coppery potion for 20 gold pieces
  3591 | D:5      | Entered Level 5 of the Dungeon
  3690 | D:5      | Reached XP level 7. HP: 36/36 MP: 20/20
  3729 | D:5      | Reached * piety under Vehumet
  3729 | D:5      | Offered knowledge of Shock by Vehumet.
  3981 | D:5      | Reached skill level 8 in Spellcasting
  3988 | D:5      | HP: 2/54 [gnoll/+0 halberd (8)]
  4445 | D:5      | Shot with an arrow by a centaur

Illustrated notes

Levels and vault maps discovered:
D:1:      saegor_arrival_fortress, layout_loops_corners
D:2:      layout_basic
D:3:      layout_basic, nicolae_gozag_seed_capital,
          ebering_ecumenical_altar_sacrificial, serial_bayou_ford_a
D:4:      layout_basic, mainiacjoe_overflow_catwalk,
          minmay_temple_entry_statues, serial_shops, nicolae_shop_stone,
          kennysheep_generic_room_13
D:5:      layout_cave_pools
Temple:   hc_temple_tempest_star

Skill      XL: |  1  2  3  4  5  6  7 |
---------------+----------------------+-----
Spellcasting   | 4 5 6 7 8 |  8.2
Earth Magic    | 4 5 6 7 |  7.2
Dodging        | |  2.4
Stealth        | |  2.4
Transmutations | |  1.1

Action                   |  1- 3 |  4- 6 |  7- 9 || total
-------------------------+-------+-------+-------++-------
Melee: Unarmed           |       |    89 |       ||    89
 Cast: Sandblast         |    43 |    91 |    17 ||   151
       Passwall          |       |     2 |       ||     2
Invok: Renounce Religion |       |     1 |       ||     1
  Use: Scroll            |       |     6 |       ||     6
       Potion            |       |       |     4 ||     4
Armor: Robe              |     3 |     6 |       ||     9
       Skin              |       |       |     6 ||     6
Dodge: Dodged            |    13 |    16 |     2 ||    31
